 Dungeon Crawl Stone Soup version 0.30-a0-263-ge22c4ad894 (webtiles) character file.

Game seed: 15547183159588125135

31070 sscrono2 the Transmogrifier (level 13, -7/77 HPs)
             Began as an Octopode Delver on Oct 13, 2022.
             Was an Initiate of Gozag.
             Mangled by Rupert
             ... wielding a +3 great mace of holy wrath
              (32 damage)
             ... on level 4 of the Lair of Beasts.
             The game lasted 01:03:48 (20709 turns).

sscrono2 the Transmogrifier (Octopode Delver)      Turns: 20709, Time: 01:03:49

Health: -7/77      AC:  2    Str: 21    XL:     13   Next: 55%
Magic:  15/24      EV: 19    Int: 14    God:    Gozag
Gold:   749        SH:  0    Dex: 18    Spells: 5/26 levels left

rFire   . . .      SeeInvis .      - Unarmed
rCold   + . .      Faith    .    (shield currently unavailable)
rNeg    . . .      Spirit   .    (helmet currently unavailable)
rPois   x          Reflect  .    I - amulet of magic regeneration
rElec   .          Harm     .    H - ring of protection from cold
rCorr   .          Rampage  .    y - ring of wizardry
Will    .....                    A - +6 ring of strength
Stlth   ++++......               (no ring)
HPRegen 0.32/turn                (no ring)
MPRegen 0.59/turn                (no ring)
                                 (no ring)
                                 (no ring)

@: brilliant, spider-form
A: venomous fangs, almost no armour, (amphibious), 8 rings, tiny, (camouflage
1), (gelatinous body 1), (nimble swimmer 1), (tentacles)
a: End Transformation, Renounce Religion, Potion Petition, Call Merchant, Bribe
Branch


You were on level 4 of the Lair of Beasts.
You worshipped Gozag.
Gozag was pleased with you.
You were a venomous arachnid creature.
You visited 3 branches of the dungeon, and saw 14 of its levels.
You also visited: Bailey.

You collected 3521 gold pieces.
You spent 1556 gold pieces at shops.
You paid 1216 gold pieces to Gozag.

Inventory:

Hand Weapons
 v - a +6 broad axe of flaming
Missiles
 j - 12 curare-tipped darts (quivered)
 r - 45 poisoned darts
 w - 3 datura-tipped darts
 D - 2 throwing nets
 M - 4 atropa-tipped darts
Magical Staves
 G - a staff of earth
 P - a staff of poison
Jewellery
 h - a ring of fire
 n - an amulet of regeneration
 y - a ring of wizardry (right front leg)
 A - a +6 ring of strength (on tentacle)
 H - a ring of protection from cold (left front leg)
 I - an amulet of magic regeneration (around neck)
Wands
 e - a wand of digging (3)
 g - a wand of flame (7)
 B - a wand of polymorph (17)
Scrolls
 a - 4 scrolls of fog
 b - 3 scrolls of magic mapping
 c - a scroll of torment
 o - 2 scrolls of teleportation
 p - 2 scrolls of amnesia
 q - 3 scrolls of enchant armour
 s - 6 scrolls of immolation
 u - a scroll of blinking
 F - a scroll of brand weapon
 L - 2 scrolls of silence
 N - 6 scrolls of identify
 O - a scroll of vulnerability
Potions
 d - a potion of haste
 l - 3 potions of degeneration
 m - 3 potions of flight
 x - a potion of invisibility
 z - 6 potions of mutation
 C - a potion of attraction
 E - a potion of cancellation
 J - 3 potions of ambrosia
 K - a potion of brilliance


   Skills:
 - Level 3.0 Fighting
 - Level 2.0 Dodging
 - Level 6.6 Stealth
 + Level 10.3 Unarmed Combat
 + Level 7.4 Spellcasting
 + Level 5.4 Translocations
 * Level 11.6 Transmutations
 + Level 5.5 Air Magic
 * Level 10.1 Earth Magic
 - Level 9.5 Poison Magic


You had 5 spell levels left.
You knew the following spells:

 Your Spells              Type           Power      Damage    Failure   Level
a - Spider Form           Tmut/Pois      51%        N/A       1%          3
b - Mephitic Cloud        Conj/Pois/Air  28%        N/A       6%          3
c - Vhi's Electric Charg  Tloc/Air       60%        N/A       5%          3
d - Teleport Other        Tloc           30%        N/A       5%          3
e - Ignite Poison         Fire/Tmut/Pois 37%        N/A       3%          3
f - Olgreb's Toxic Radia  Pois           48%        N/A       4%          4
g - Blink                 Tloc           60%        N/A       3%          2

Your spell library contained the following spells:

 Spells                   Type           Power      Damage    Failure   Level
 Sting                    Tmut/Pois      100%       1d8       1%          1
 Poisonous Vapours        Pois/Air       78%        N/A       1%          2
 Gell's Gravitas          Tloc           30%        N/A       5%          3
 Lesser Beckoning         Tloc           60%        N/A       5%          3
 Momentum Strike          Conj/Tloc      38%        3d9       8%          2
 Static Discharge         Conj/Air       38%        2-4/arc   8%          2
 Kindle Blastsparks       Fire/Tloc/Air  46%        2d13      9%          3
 Foxfire                  Conj/Fire      28%        2x1d5     13%         1
 Freeze                   Ice            28%        1d5       13%         1
 Magic Dart               Conj           28%        1d4       13%         1
 Call Imp                 Summ           7%         N/A       17%         2
 Ensorcelled Hibernation  Hex/Ice        14%        N/A       17%         2
 Frozen Ramparts          Ice            14%        1d3       30%         3
 Hailstorm                Conj/Ice       7%         3d4       30%         3
 Arcjolt                  Conj/Air       9%         1d19      58%         5
 Lightning Bolt           Conj/Air       9%         1d22      58%         5
 Anguish                  Hex/Necr       3%         N/A       63%         4
 Freezing Cloud           Conj/Ice/Air   7%         6-21      71%         5
 Fireball                 Conj/Fire      3%         3d4       89%         5
 Dispersal                Tloc           15%        N/A       77%         6
 Starburst                Conj/Fire      3%         6d3       100%        6


Dungeon Overview and Level Annotations

Branches:
Dungeon (9/15)             Temple (1/1) D:5            Lair (4/5) D:9
 Shoals (0/4) Lair:3       Spider (0/4) Lair:3       Bailey (visited)
  Slime: Lair:4-5       Orc: D:9-12

Altars:
Ashenzari
Cheibriados
Dithmenos
Elyvilon
Fedhas
Gozag
Hepliaklqana
Kikubaaqudgha
Makhleb
Nemelex Xobeh
Okawaru
Qazlal
Ru
Sif Muna
Trog
Uskayaw
Vehumet
Wu Jian
Xom
Yredelemnul
Zin
The Shining One

Shops:
D:9 *:

Annotations:
Lair:1 exclusion: obsidian statue
Lair:4 exclusion: oklob plant, Rupert


Innate Abilities, Weirdness & Mutations

You are a venomous arachnid creature.
You have poisonous fangs.
You are tiny and dextrous.
Your spellcasting is less reliable in this form.
Your armour is entirely melded.
You are incapable of wielding weapons or throwing items.
You cannot wear most types of armour.
((You are amphibious.))
You can wear up to eight rings at the same time.
((Your skin changes colour to match your surroundings (Stealth+).))
((Your rubbery body absorbs attacks. (AC +1, EV +1)))
((You are camouflaged when in or above water. (Stealth+)))
((You have tentacles for arms and can constrict up to eight enemies at once.))


Message History

Rupert is moderately wounded.
Rupert looks as sick as possible!
Your toxic aura wanes.
You feel stable enough to blink again.
Casting: Mephitic Cloud (mildly dangerous; 2% risk of failure)
Confirm with . or Enter, or press ? or * to list all spells.
You feel a surge of power!
You ignite the poison in your surroundings!
Rupert seems to burn from within!!
Rupert is heavily wounded.
Rupert seems less confused.
Rupert is engulfed in blazing flames.
Casting: Ignite Poison (safe; 1% risk of failure)
Confirm with . or Enter, or press ? or * to list all spells.
You feel a surge of power!
You begin to radiate toxic energy.
Rupert is poisoned.
Rupert is engulfed in blazing flames.
Casting: Olgreb's Toxic Radiance (dangerous; 1% risk of failure)
Confirm with . or Enter, or press ? or * to list all spells.
You feel a surge of power!
You turn into a venomous arachnid creature.
Rupert looks even sicker.
Rupert is engulfed in blazing flames.
Your toxic aura wanes.
Rupert is no longer moving slowly.
Rupert rages.
Casting: Spider Form (safe; 1% risk of failure)
Confirm with . or Enter, or press ? or * to list all spells.
Aiming: Mephitic Cloud (dangerous; 6% risk of failure)
Press: ? - help, Shift-Dir - straight line, f - Rupert
Aim: Rupert, wielding a +3 great mace of holy wrath, wearing a +0 chain mail and quivering stones (severely wounded, berserk, very poisoned, chance to affect: 24%)
You feel a surge of power!
The ball explodes into a vile cloud!
The stinking cloud engulfs Rupert but does no damage.
Rupert is severely wounded.
The stinking cloud engulfs the plant but does no damage.
You hear a roar!
Rupert is engulfed in noxious fumes.
You hit Rupert.
Rupert looks as sick as possible!
Rupert is severely wounded.
Rupert hits you with a +3 great mace of holy wrath!!!
Ouch! That really hurt!
Rupert hits you with a +3 great mace of holy wrath!!
You die...
Your body crumbles into a pile of gold.

#..~.~≈.......#............##
......≈.......##...........#
≈.##..........##.......+#.##
.#####.#.......##.....#.###
.# #..#......##....##.## P#
###..........#....##..# ##
#....P........#.###..## .
#..P...#......####..### .
#...........#.s........##
P.............○○@.........#
..............○☼P.........#
..............○☼..........#
...$.....'##.........#+.##
...................##.##
.........###....#.....#
.......#. #.(.°##...##
#.......##......<.##


You could see Rupert (berserk, extremely poisoned).

Vanquished Creatures
  A catoblepas (Lair:4)
  3 hydras
  A boulder beetle (D:7)
  2 two-headed ogres (D:9)
  4 death yaks (Lair:3)
  An oklob plant (Lair:3)
  An orc knight (Bailey)
  2 black mambas
  16 elephants
  Maurice (D:8)
  Maggie (D:7)
  7 cane toads
  4 rime drakes
  8 komodo dragons
  2 polar bears
  A hornet (D:9)
  7 blink frogs
  A jumping spider (Lair:3)
  3 culicivoras (Lair:3)
  9 yaks
  3 wyverns
  2 basilisks
  2 hogs (D:9)
  A human (D:9)
  A redback (Lair:3)
  3 steam dragons
  12 water moccasins
  6 orc warriors
  A sky beast (D:7)
  2 ice beasts
  2 black bears (Lair:1)
  2 wolves (D:9)
  3 centaurs
  A phantom (D:6)
  15 bullfrogs
  8 kobold brigands
  A necrophage (D:6)
  A scorpion (D:6)
  9 wights (D:7)
  2 electric eels (D:6)
  3 howler monkeys
  2 jellies
  2 hounds
  2 iguanas
  5 orc priests
  Crazy Yiuf (D:2)
  6 orc wizards
  Ijyb (D:4)
  5 hell rats (Lair:4)
  Robin (D:1)
  3 gnolls (D:5)
  3 adders
  2 shadow imps
  A white imp (D:5)
  2 worms
  20 orcs
  9 endoplasms
  5 giant cockroaches
  10 goblins
  11 hobgoblins
  4 jackals (D:3)
  27 kobolds
  4 quokkas
  4 ball pythons
  6 bats
  4 frilled lizards
  A rat (D:3)
296 creatures vanquished.

Vanquished Creatures (collateral kills)
  6 yaks (Lair:2)
  A kobold brigand (Bailey)
  A bullfrog (Lair:2)
8 creatures vanquished.

Vanquished Creatures (others)
  An elephant (Lair:3)
  A kobold brigand (Bailey)
  A kobold (D:9)
  33 fungi
  49 plants
85 creatures vanquished.

Grand Total: 389 creatures vanquished

Notes
Turn   | Place    | Note
-------+----------+-------------------------------------------
     0 | D:5      | sscrono2 the Octopode Delver began the quest for the Orb.
     0 | D:5      | Reached XP level 1. HP: 16/16 MP: 1/1
    26 | D:5      | Noticed an iguana
   206 | D:4      | Noticed Ijyb
   308 | D:4      | Killed Ijyb
   309 | D:4      | Reached XP level 2. HP: 15/21 MP: 2/2
   309 | D:4      | Reached XP level 3. HP: 19/26 MP: 3/3
   355 | D:4      | Noticed a bullfrog
   361 | D:4      | Killed a bullfrog
   362 | D:4      | Reached XP level 4. HP: 19/31 MP: 4/4
   624 | D:3      | Reached skill level 5 in Unarmed Combat
   624 | D:3      | Reached XP level 5. HP: 24/36 MP: 5/5
  1811 | D:2      | Noticed Robin
  2143 | D:1      | Reached XP level 6. HP: 42/42 MP: 6/6
  2187 | D:1      | Learned a level 3 spell: Spider Form
  2645 | D:1      | Found a faded altar of an unknown god.
  2682 | D:1      | Killed Robin
  2935 | D:2      | Found a runed translucent door.
  2936 | D:2      | Noticed Crazy Yiuf
  3038 | D:2      | Killed Crazy Yiuf
  3039 | D:2      | Reached skill level 1 in Transmutations
  3039 | D:2      | Reached skill level 1 in Poison Magic
  3857 | D:5      | Found a staircase to the Ecumenical Temple.
  3880 | Temple   | Entered the Ecumenical Temple
  4236 | Temple   | Became a worshipper of Gozag Ym Sagoz the Greedy
  4561 | D:5      | Reached skill level 1 in Spellcasting
  4871 | D:6      | Reached skill level 2 in Transmutations
  4871 | D:6      | Reached XP level 7. HP: 26/46 MP: 8/8
  5485 | D:6      | Reached skill level 3 in Transmutations
  5558 | D:6      | Found Saiserui's Magic Scroll Boutique.
  5566 | D:6      | Bought a scroll of teleportation for 39 gold pieces
  5566 | D:6      | Bought 2 scrolls of identify for 52 gold pieces
  5566 | D:6      | Bought a scroll of enchant weapon for 97 gold pieces
  5566 | D:6      | Bought a scroll of blinking for 97 gold pieces
  5753 | D:6      | Reached XP level 8. HP: 41/52 MP: 5/11
  5970 | D:6      | Bought a scroll of blinking for 97 gold pieces
  5970 | D:6      | Bought a scroll of identify for 26 gold pieces
  6171 | D:6      | Bought a scroll of fear for 52 gold pieces
  6203 | D:7      | Reached skill level 4 in Transmutations
  6293 | D:7      | Noticed a boulder beetle
  6350 | D:7      | Reached skill level 5 in Poison Magic
  6372 | D:7      | HP: 1/48 [wight/+0 long sword (2)]
  6459 | D:7      | Noticed Maggie
  6643 | D:7      | Killed a boulder beetle
  6644 | D:7      | Reached skill level 5 in Transmutations
  6644 | D:7      | Reached XP level 9. HP: 34/56 MP: 12/14
  6770 | D:7      | Learned a level 3 spell: Mephitic Cloud
  7034 | D:7      | Killed Maggie
  7035 | D:7      | Reached skill level 6 in Transmutations
  7035 | D:7      | Reached skill level 1 in Earth Magic
  7717 | D:7      | Found a glowing silver altar of Zin.
  7724 | D:7      | Found a stormy altar of Qazlal.
  7816 | D:6      | Bought a scroll of identify for 26 gold pieces
  7816 | D:6      | Bought a scroll of identify for 26 gold pieces
  7816 | D:6      | Bought a scroll of silence for 123 gold pieces
  7943 | D:8      | Found a flagged portal.
  7957 | Bailey   | Entered a bailey
  8214 | Bailey   | Noticed an orc knight
  8239 | Bailey   | Reached XP level 10. HP: 33/63 MP: 16/16
  8242 | Bailey   | Killed an orc knight
  8243 | Bailey   | Reached skill level 7 in Transmutations
  8396 | Bailey   | Found a burning altar of Makhleb.
  8463 | D:8      | Noticed Maurice
  8491 | D:8      | Killed Maurice
 10081 | D:9      | Noticed a two-headed ogre
 10089 | D:9      | Reached skill level 5 in Earth Magic
 10333 | D:9      | Reached skill level 8 in Transmutations
 10445 | D:9      | Reached skill level 5 in Spellcasting
 10882 | D:9      | Reached XP level 11. HP: 46/67 MP: 18/18
 11067 | D:9      | Learned a level 3 spell: Vhi's Electric Charge
 11094 | D:9      | Noticed a two-headed ogre
 11129 | D:9      | Killed a two-headed ogre
 11130 | D:9      | Reached skill level 1 in Air Magic
 11275 | D:9      | Reached skill level 1 in Translocations
 11305 | D:9      | Found a staircase to the Lair.
 11313 | D:9      | Killed a two-headed ogre
 11574 | Lair:1   | Entered Level 1 of the Lair of Beasts
 11666 | Lair:1   | Reached skill level 9 in Transmutations
 12847 | Lair:1   | Noticed an obsidian statue
 13923 | Lair:2   | Reached XP level 12. HP: 64/72 MP: 21/21
 13973 | Lair:2   | Noticed an eight-headed hydra
 13989 | Lair:2   | Killed an eight-headed hydra
 14221 | Lair:2   | Learned a level 3 spell: Teleport Other
 14537 | Lair:2   | Reached skill level 10 in Transmutations
 15197 | Lair:3   | Found a staircase to the Shoals.
 15414 | Lair:3   | Noticed a death yak
 15438 | Lair:3   | Noticed a death yak
 15461 | Lair:3   | Learned a level 3 spell: Ignite Poison
 15466 | Lair:3   | Learned a level 4 spell: Olgreb's Toxic Radiance
 15501 | Lair:3   | Found a hole to the Spider Nest.
 15959 | Lair:3   | Noticed a death yak
 15959 | Lair:3   | Noticed a death yak
 17329 | Lair:3   | Killed a death yak
 17337 | Lair:3   | Killed a death yak
 17388 | Lair:3   | Killed a death yak
 17388 | Lair:3   | Killed a death yak
 17389 | Lair:3   | Reached XP level 13. HP: 77/77 MP: 6/23
 17647 | Lair:3   | Reached skill level 11 in Transmutations
 18009 | Lair:4   | Reached skill level 10 in Unarmed Combat
 18032 | Lair:4   | Reached skill level 5 in Air Magic
 18486 | Lair:4   | Reached skill level 5 in Translocations
 18804 | D:9      | Bought a potion of haste for 170 gold pieces
 18804 | D:9      | Bought 2 potions of mutation for 272 gold pieces
 18804 | D:9      | Bought a +3 broad axe of flaming for 411 gold pieces
 18804 | D:9      | Bought a scroll of fear for 68 gold pieces
 19949 | Lair:4   | Reached skill level 10 in Earth Magic
 20382 | Lair:4   | Learned a level 2 spell: Blink
 20462 | Lair:4   | Noticed Rupert
 20709 | Lair:4   | Mangled by Rupert

Illustrated notes

Levels and vault maps discovered:
D:1:      matt_arrival_spirals, layout_basic,
          hellmonk_ecumenical_altar_prayer_group, minmay_misc_feat_rugged
D:2:      layout_rooms, uniq_crazy_yiuf_cottage, uniq_robin
D:3:      layout_loops_ring, grunt_ministairs_3, hangedman_feature_mirror
D:4:      layout_rooms, uniq_ijyb
D:5:      layout_basic, minmay_temple_entry_mini_moons
D:6:      layout_rooms, serial_shops,
          nicolae_shop_temple_entry_statues_fountains, nrook_pool_corridor
D:7:      layout_gridville, amethyst_overflow_temple_binary, uniq_maggie
D:8:      layout_loops_ring, enter_bailey_2, minmay_misc_feat_tower,
          minmay_quadrilaterals, uniq_maurice
D:9:      layout_roguey, hellmonk_lair_entry_icy, grunt_livestock
Temple:   mainiacjoe_temple_cubbyholes
Lair:1:   statuecave_lemuel, layout_loops_ring
Lair:2:   layout_regular_city
Lair:3:   layout_chaotic_city, elwin_shoals_entry_rocks,
          nicolae_spider_entry_tight_spaces, minmay_lair_oklob_items,
          chequers_serial_rivers_large_a, minivault_25, beast_lair_carwin_5
Lair:4:   layout_roguey, chequers_serial_rivers_small_b, lemuel_fruit_fields,
          grunt_megastairs_5, lemuel_fruit_fields, uniq_rupert

Skill      XL: |  1  2  3  4  5  6  7  8  9 10 11 12 13 |
---------------+----------------------------------------+-----
Unarmed Combat | 3 4 5 6 7 8 9 10 | 10.3
Transmutations | 2 3 5 6 8 9 10 11 | 11.6
Poison Magic   | 2 4 6 8 9 |  9.5
Spellcasting   | 1 2 3 4 5 6 7 |  7.4
Earth Magic    | 3 5 7 9 10 | 10.1
Air Magic      | 3 4 5 |  5.5
Translocations | 2 4 5 |  5.4
Fighting       | |  3.0
Dodging        | |  2.0
Stealth        | |  6.6

Action                   |  1- 3 |  4- 6 |  7- 9 | 10-12 | 13-15 || total
-------------------------+-------+-------+-------+-------+-------++-------
Melee: Unarmed           |    12 |   179 |   158 |   369 |    32 ||   750
       Constrict         |     3 |    46 |    12 |    18 |     5 ||    84
       Tentacles         |     3 |    44 |    12 |    25 |    11 ||    95
       Punch             |     2 |    11 |     8 |    14 |     6 ||    41
       Dagger            |       |    18 |       |       |       ||    18
       Broad axe         |       |       |       |       |    12 ||    12
       Staff             |       |       |       |       |     3 ||     3
Throw: Dart              |     3 |       |    17 |    22 |     4 ||    46
 Cast: Spider Form       |       |       |    18 |    38 |     4 ||    60
       Mephitic Cloud    |       |       |     1 |    17 |    21 ||    39
       Olgreb's Toxic Ra |       |       |       |    29 |    38 ||    67
       Ignite Poison     |       |       |       |    11 |    21 ||    32
       Vhi's Electric Ch |       |       |       |     1 |       ||     1
       Blink             |       |       |       |       |     2 ||     2
Invok: Call Merchant     |       |       |       |     1 |     1 ||     2
 Abil: End Transformatio |       |       |       |     2 |       ||     2
Evoke: Wand              |       |     5 |    15 |    24 |     9 ||    53
  Use: Scroll            |       |       |    17 |    22 |    10 ||    49
       Potion            |       |       |     4 |     9 |     4 ||    17
 Stab: Sleeping          |     3 |    21 |     6 |    14 |       ||    44
       Distracted        |       |       |       |     1 |     2 ||     3
       Paralysed         |       |       |       |    15 |     6 ||    21
       Confused          |       |       |       |     3 |       ||     3
       Invisible         |       |       |       |     5 |     2 ||     7
Armor: Skin              |       |     8 |    16 |    18 |     2 ||    44
Dodge: Dodged            |     5 |   100 |   101 |   263 |    34 ||   503

Table legend: (Time is in decaauts)
 A = Elapsed time spent in this place.
 B = Non-inter-level travel time spent in this place.
 C = Inter-level travel time spent in this place.
 D = Time resting spent in this place.
 E = Time spent auto-exploring this place.
 F = Levels seen in this place.
 G = Mean time per level.
                   A        B        C        D        E       F      G
               +--------+--------+--------+--------+--------+-----+--------+
         Total |  20574 |  19355 |   1219 |   7061 |   8517 |  15 | 1371.6 |
       Dungeon |  10748 |  10140 |    608 |   2776 |   5534 |   9 | 1194.2 |
        Temple |    433 |    319 |    114 |      0 |    303 |   1 |  433.0 |
          Lair |   8906 |   8409 |    497 |   4048 |   2620 |   4 | 2226.5 |
        Bailey |    486 |    486 |      0 |    237 |     59 |   1 |  486.0 |
               +--------+--------+--------+--------+--------+-----+--------+

Top non-repeatable levels by time:
  Lair:3: 3607 daAuts
  Lair:4: 2060 daAuts
     D:7: 1926 daAuts
     D:9: 1787 daAuts
  Lair:1: 1659 daAuts
  Lair:2: 1579 daAuts
     D:8: 1353 daAuts
     D:6: 1290 daAuts
     D:3: 1053 daAuts
     D:5: 1028 daAuts
     D:1: 1018 daAuts
     D:2: 670 daAuts
     D:4: 618 daAuts
  Bailey: 486 daAuts
  Temple: 433 daAuts
